 Dungeon Crawl Stone Soup version 0.14.0-12-g87ee3b7 (webtiles) character file.

150828 Infinimo the Shatterer (level 17, 0/103 HPs)
             Began as a Gargoyle Berserker on Apr 16, 2014.
             Was the Champion of Trog.
             Killed from afar by a naga mage (10 damage)
             ... with a poison arrow
             ... on Level 5 of the Snake Pit.
             The game lasted 01:51:35 (31528 turns).

Infinimo the Shatterer (Gargoyle Berserker)        Turns: 31528, Time: 01:51:35

HP   0/103       AC 41     Str 23      XL: 17   Next: 48%
MP  17/17        EV  7     Int 13      God: Trog [******]
Gold 2690        SH  0     Dex  9      Spells:  0 memorised, 16 levels left

rFire  . . .     SeeInvis +     p - +1,+6 great mace (freeze)
rCold  . . .     Clarity  .     G - +0 plate armour
rNeg   + . .     Conserve .     (no shield)
rPois  +         rCorr    +     g - +0 helmet {SInv}
rElec  +         rRot     +     f - +2 cloak
SustAb . .       Spirit   .     U - +0 pair of gloves
rMut   .         Warding  .     V - +2 pair of boots {Stlth+}
Saprov . . .     Rnd*Tele +     e - amulet of resist corrosion
MR     ++...                    C - ring of regeneration
                                v - ring of protection from magic

@: about to teleport, flying, very resistant to hostile enchantments, extremely
unstealthy
A: able to fly continuously, large and strong wings, frail 1, life protection 1,
electricity resistance, teleportitis 1, unbreathing, petrification resistance,
AC +12
a: Stop Flying, Burn Spellbooks, Berserk, Trog's Hand, Brothers in Arms,
Renounce Religion


You were on level 5 of the Snake Pit.
You worshipped Trog.
Trog was exalted by your worship.
You were not hungry.

You visited 5 branches of the dungeon, and saw 33 of its levels.
You visited the Abyss 1 time.
You also visited: Labyrinth, Ossuary and Volcano.

You collected 3145 gold pieces.
You spent 455 gold pieces at shops.

Inventory:

Hand weapons
 p - a +1,+6 great mace of freezing (weapon)
 L - a +0,+3 anti-magic great mace
 S - a +0,+3 great mace of holy wrath
Armour
 f - a +2 cloak (worn)
 g - a +0 helmet of see invisible (worn)
 G - a +0 plate armour (worn)
 U - a +0 pair of gloves (worn)
 V - a +2 pair of boots of stealth (worn)
Magical devices
 h - a wand of teleportation (2)
 j - a wand of lightning (2)
 K - a wand of teleportation (4)
 N - a wand of disintegration (9)
 Q - a wand of cold (7)
 Y - a wand of digging (6)
Comestibles
 a - 8 meat rations
 b - 14 pears
 c - 14 bread rations
 i - a cheese
 m - 6 beef jerkies
 o - 3 chunks of naga flesh
 s - 3 chokos
 x - 6 strawberries
 B - 3 lychees
 F - a rambutan
 O - 4 apples
Scrolls
 w - 4 scrolls of recharging
 y - a scroll of enchant weapon II
 E - a scroll of identify
 H - a scroll of fog
 I - 8 scrolls of remove curse
 M - a scroll of fear
Jewellery
 e - an amulet of resist corrosion (around neck)
 k - an uncursed ring of positive energy
 v - a ring of protection from magic (left hand)
 z - an uncursed ring of ice
 A - an uncursed ring of sustain abilities
 C - a ring of regeneration (right hand)
 P - an uncursed ring of teleport control
Potions
 d - 3 potions of invisibility
 l - 13 potions of curing
 n - a potion of lignification
 q - a potion of might
 u - 3 potions of restore abilities
 D - a potion of haste
 R - a potion of agility
 X - a potion of brilliance
Books
 r - a book of Wizardry

   Spells                             Type                      Level
   Summon Elemental                   Summoning                    4
   Agony                              Necromancy                   5
   Force Lance                        Conjuration                  5
   Haste                              Charms                       6
   Invisibility                       Hexes                        6
   Spellforged Servitor               Conjuration/Summoning        7
   Trog disapproves of the use of such an item.


   Skills:
 + Level 15.8 Fighting
 * Level 22.5 Maces & Flails
 + Level 16.2 Armour
 - Level 1.5 Dodging


You had 16 spell levels left.
You didn't know any spells.

Dungeon Overview and Level Annotations

Branches:
Dungeon (15/15)            Temple (0/1) D:7             Orc (4/4) D:11
   Lair (8/8) D:8          Shoals (1/5) Lair:6        Snake (5/5) Lair:6
  Slime (0/6) Lair:6       Vaults (0/5) D:13         Depths (0/5) D:15
    Elf: Orc:3-4

Altars:
Ashenzari
Dithmenos
Elyvilon
Kikubaaqudgha
Makhleb
Sif Muna
Trog
The Shining One
Beogh
Jiyva

Shops:
D:6 (   D:10 !   D:11 :   D:14 *?%%   Orc:1 ?   Orc:2 (

Portals:
Hell: Lair:8

Annotations:
Snake:5 exclusion: Roxanne, Roxanne


Innate Abilities, Weirdness & Mutations

You are resistant to torment.
You are immune to poison.
You are immune to rotting.
You can fly continuously.
Your stone body is very resilient (AC +12).
Your wings are large and strong.
You resist negative energy.
You are resistant to electric shocks.
You can survive without breathing.
You are immune to petrification.
You are frail (-10% HP).
Space occasionally distorts in your vicinity.


Message History

* * * LOW HITPOINT WARNING * * *
The naga mage points at you and mumbles some strange words.
The orb of energy hits you!
* * * LOW HITPOINT WARNING * * *
Read which item? (? for menu, Esc to quit)
Okay, then.
Unknown command.
Read which item? (? for menu, Esc to quit)
Okay, then.
Unknown command.
Drink which item? (? for menu, Esc to quit)
Okay, then.
Unknown command.
Evoke which item? (* to show all) (? for menu, Esc to quit)
Zapping:
h - a wand of teleportation (3)
Press: ? - help, Shift-Dir - straight line, f - you You feel strangely unstable.
This wand has 2 charges left.
The naga mage points at you and mumbles some strange words.
The poison arrow hits you! You partially resist.
You die...

##.#####
#......#
#......# #
#......#
###
#....N.#
..#
#......#
..#
#.....N#
..#####
#......#
......#
#.....@###
#####.#
#........#
# #.#
##.#####.#
#.######.#
.#
#.....##.#
#
#####.##)#
#)##.#
#.##.#
#.##.#


You could see a greater naga and a naga mage.

Vanquished Creatures
  A bone dragon (D:14)
  Nikola (Snake:3)
  Vashnia (Snake:5)
  Kirke (Snake:5)
  4 greater nagas
  Wiglaf (Snake:5)
  Maud (Lair:8)
  Louise (Snake:1)
  Gastronok (D:8)
  A dire elephant (Lair:8)
  A green death (Abyss:1)
  A minotaur (Lab)
  An ettin (D:15)
  3 vault guards (D:13)
  Fannar (Orc:2)
  10 naga warriors
  Nessos (Orc:3)
  A rakshasa (D:13)
  8 hydras
  Erica (Lair:6)
  4 anacondas
  5 tengu warriors
  An ogre mage (D:15)
  7 shock serpents
  5 naga sharpshooters
  Urug (D:11)
  A sun demon (Lair:8)
  A catoblepas (Lair:8)
  3 centaur warriors
  Nergalle (Lair:6)
  A hell knight (D:15)
  A wretched star (Abyss:1)
  2 salamander mystics
  A spatial maelstrom (Abyss:1)
  2 large abominations (Abyss:1)
  An unseen horror (D:13)
  2 wizards
  2 naga ritualists
  Pikel (D:5)
  7 hill giants
  A manticore (D:11)
  2 griffons
  3 orc knights
  A lindwurm (Snake:5)
  Joseph (D:8)
  6 mana vipers
  A fire giant zombie (Abyss:1)
  3 cyclopes
  2 orc sorcerers
  5 salamanders
  12 elephants
  2 orange demons (Lair:8)
  2 molten gargoyles (Volcano)
  7 spiny frogs
  A smoke demon (Lair:8)
  A mermaid (Lair:6)
  3 gargoyles
  10 naga magi
  23 black mambas
  An item mimic (Snake:2)
  A yaktaur (D:15)
  3 feature mimics
  2 tengu conjurers (D:15)
  A hellwing (Lair:8)
  3 fire drakes
  A blue devil (Lair:8)
  A kobold demonologist (D:15)
  20 blink frogs
  8 komodo dragons
  5 two-headed ogres
  3 polar bears
  Sonja (Orc:2)
  9 red devils
  4 trolls
  2 raiju (Abyss:1)
  A hydra skeleton (D:13)
  A trapdoor spider (Lab)
  3 ravens
  5 flying skulls (Abyss:1)
  A griffon skeleton (D:10)
  29 yaks
  6 basilisks
  3 shadows
  4 wyverns
  2 elephant slugs
  5 sharks
  5 hungry ghosts
  A hill giant zombie (D:15)
  A ynoxinul (Abyss:1)
  11 hippogriffs
  5 hogs (Snake:5)
  23 ugly things
  28 nagas
  17 wolves
  4 wargs
  Edmund (D:5)
  A tengu zombie (D:12)
  2 hell hounds (Lair:8)
  A neqoxec (Abyss:1)
  2 necrophages
  3 soldier ants
  4 small abominations (Abyss:1)
  4 porcupines
  16 water moccasins
  17 centaurs
  3 sky beasts
  11 ice beasts
  2 slaves (D:5)
  A manticore zombie (D:15)
  A fire dragon simulacrum (D:15)
  5 black bears
  10 ogres
  21 crocodiles
  20 orc warriors
  A phantom (D:10)
  A yellow wasp (D:13)
  Sigmund (D:5)
  2 big kobolds
  14 giant slugs
  Blork the orc (D:5)
  A cyclops zombie (D:12)
  A silver statue (Snake:2)
  19 giant frogs
  2 eyes of draining
  A yak zombie (D:9)
  5 scorpions
  7 killer bees
  9 wights
  A goliath beetle (D:10)
  5 electric eels
  3 lava snakes (Volcano)
  5 crimson imps
  6 big fish
  3 jellies
  3 quasits
  A giant frog zombie (D:13)
  6 iguanas
  An elf zombie (D:9)
  A two-headed ogre zombie (D:13)
  16 hounds
  27 orc wizards
  7 worker ants
  Natasha (twice) (D:5)
  19 orc priests
  6 orange rats (Lair:5)
  11 sheep
  Jessica (D:2)
  An ogre zombie (D:7)
  A sky beast zombie (D:10)
  A big kobold skeleton (D:11)
  2 worker ant zombies
  33 adders
  27 green rats
  A worm zombie (D:5)
  5 shadow imps
  2 giant mites
  6 worms
  An adder zombie (Ossuary)
  3 giant eyeballs
  3 giant geckos
  142 orcs
  6 giant cockroaches
  19 goblins
  14 hobgoblins
  10 quokkas
  4 ball pythons
  A ball python skeleton (Ossuary)
  21 bats
  7 giant newts
  A giant spore (D:11)
  A goblin skeleton (D:4)
  A hobgoblin skeleton (D:4)
  5 hobgoblin zombies (Ossuary)
  14 jackals
  28 kobolds
  A kobold zombie (Ossuary)
  4 orc skeletons
  17 rats
  A rat skeleton (D:5)
  A ballistomycete (D:11)
  2 fungi
  3 plants
1099 creatures vanquished.

Vanquished Creatures (others)
  A black mamba (Snake:5)
  A centaur (D:10)
  3 orcs
  A ballistomycete (D:11)
6 creatures vanquished.

Grand Total: 1105 creatures vanquished

Notes
Turn   | Place    | Note
--------------------------------------------------------------
     0 | D:1      | Infinimo, the Gargoyle Berserker, began the quest for the Orb.
     0 | D:1      | Reached XP level 1. HP: 14/14 MP: 1/1
   220 | D:1      | Reached XP level 2. HP: 17/19 MP: 2/2
   510 | D:1      | Reached skill level 4 in Maces & Flails
   753 | D:1      | Acquired Trog's second power
   758 | D:1      | Reached XP level 3. HP: 21/23 MP: 3/3
  1247 | D:2      | Noticed Jessica
  1254 | D:2      | Killed Jessica
  1254 | D:2      | Reached XP level 4. HP: 25/28 MP: 4/4
  1363 | D:2      | Reached skill level 5 in Maces & Flails
  1995 | D:3      | Reached XP level 5. HP: 29/32 MP: 5/5
  2049 | D:3      | Found a glowing golden altar of the Shining One.
  2051 | D:3      | Found a shattered altar of Ashenzari.
  2051 | D:3      | Found a shadowy altar of Dithmenos.
  2972 | D:4      | Acquired Trog's third power
  2978 | D:4      | Noticed an ogre
  2986 | D:4      | Killed an ogre
  2986 | D:4      | Reached skill level 6 in Maces & Flails
  2986 | D:4      | Reached XP level 6. HP: 37/37 MP: 6/6
  3237 | D:4      | Noticed an ogre
  3243 | D:4      | Killed an ogre
  3563 | D:4      | Reached skill level 7 in Maces & Flails
  3705 | D:5      | Entered Level 5 of the Dungeon
  3757 | D:5      | Reached XP level 7. HP: 41/41 MP: 7/7
  3788 | D:5      | Noticed Edmund
  3803 | D:5      | Killed Edmund
  3803 | D:5      | Reached skill level 5 in Armour
  3852 | D:5      | Found a sand-covered staircase.
  3857 | Ossuary  | Entered an ossuary
  3965 | Ossuary  | Noticed a flying skull
  3965 | Ossuary  | Noticed a guardian mummy
  3971 | Ossuary  | Noticed a flying skull
  3999 | Ossuary  | Noticed a flying skull
  4008 | Ossuary  | Noticed a guardian mummy
  4168 | Ossuary  | Noticed a guardian mummy
  4182 | Ossuary  | HP: 2/41 [guardian mummy (15)]
  4458 | D:5      | Reached skill level 8 in Maces & Flails
  4500 | D:5      | Noticed Pikel
  4529 | D:5      | Killed Pikel
  4529 | D:5      | Reached skill level 9 in Maces & Flails
  4529 | D:5      | Reached XP level 8. HP: 43/46 MP: 8/8
  4990 | D:5      | Noticed Sigmund
  5025 | D:5      | Killed Sigmund
  5052 | D:5      | Noticed Natasha
  5072 | D:5      | Killed Natasha
  5072 | D:5      | Reached skill level 10 in Maces & Flails
  5141 | D:5      | Noticed Natasha
  5153 | D:5      | Killed Natasha
  5164 | D:5      | Noticed Blork the orc
  5181 | D:5      | Killed Blork the orc
  5414 | D:6      | Found Zeacroih's Weapon Emporium.
  5535 | D:6      | Reached XP level 9. HP: 49/51 MP: 9/9
  5551 | D:6      | Found a bloodstained altar of Trog.
  5554 | D:6      | Paralysed by a giant eyeball for 3 turns
  6092 | D:7      | Reached skill level 11 in Maces & Flails
  6295 | D:7      | Found a staircase to the Ecumenical Temple.
  6697 | D:7      | Found a white marble altar of Elyvilon.
  6946 | D:7      | Got a slimy whip
  6947 | D:7      | Identified the +1,+11 whip of Shame {freeze, rElec} (You found it on level 7 of the Dungeon)
  7368 | D:8      | Found a staircase to the Lair.
  7382 | D:8      | Reached skill level 12 in Maces & Flails
  7652 | D:8      | Reached XP level 10. HP: 56/56 MP: 10/10
  7821 | D:8      | Noticed Joseph
  7837 | D:8      | Killed Joseph
  7858 | D:8      | Reached skill level 13 in Maces & Flails
  7936 | D:8      | Noticed Gastronok
  7952 | D:8      | Killed Gastronok
  8022 | D:8      | Got a warped amber ring
  8044 | D:8      | Identified the ring "Utwuw" {rC+ Dex-3} (You found it on level 8 of the Dungeon)
  8093 | D:8      | Reached skill level 10 in Armour
  8473 | D:9      | Reached skill level 14 in Maces & Flails
  8716 | D:9      | Reached XP level 11. HP: 56/62 MP: 11/11
  8809 | D:10     | Entered Level 10 of the Dungeon
  8867 | D:10     | Noticed a hill giant
  8887 | D:10     | Received a gift from Trog
  8892 | D:10     | Killed a hill giant
  8892 | D:10     | Reached skill level 5 in Fighting
  8984 | D:10     | Found Ziurph's Distillery.
  9137 | D:10     | Noticed a hill giant
  9148 | D:10     | Killed a hill giant
  9431 | D:10     | Reached skill level 15 in Maces & Flails
 10223 | D:11     | Noticed Urug
 10233 | D:11     | Killed Urug
 10260 | D:11     | Found Frelis' Book Emporium.
 10925 | D:11     | Reached skill level 16 in Maces & Flails
 11074 | D:11     | Found a staircase to the Orcish Mines.
 11083 | Orc:1    | Entered Level 1 of the Orcish Mines
 11137 | Orc:1    | Received a gift from Trog
 11169 | Orc:1    | Noticed an orc knight
 11170 | Orc:1    | Reached XP level 12. HP: 72/72 MP: 12/12
 11190 | Orc:1    | Killed an orc knight
 11262 | Orc:1    | Found a roughly hewn altar of Beogh.
 11302 | Orc:1    | Found Javomo's Magic Scroll Boutique.
 11321 | Orc:1    | Bought a scroll of blinking for 90 gold pieces
 11434 | Orc:3    | Found an ancient bone altar of Kikubaaqudgha.
 11586 | Orc:2    | Noticed Fannar
 11621 | Orc:2    | Killed Fannar
 11643 | Orc:2    | Received a gift from Trog
 11657 | Orc:2    | Found Figeciod's Antique Weapon Shoppe.
 11704 | Orc:2    | Found a frozen archway.
 11947 | Orc:2    | Noticed Sonja
 12080 | Orc:2    | Killed Sonja
 12208 | Orc:3    | Noticed Nessos
 12229 | Orc:3    | Killed Nessos
 12229 | Orc:3    | Reached skill level 17 in Maces & Flails
 12459 | Orc:3    | Received a gift from Trog
 12852 | Orc:4    | Entered Level 4 of the Orcish Mines
 12935 | Orc:4    | Found a burning altar of Makhleb.
 13413 | Lair:1   | Entered Level 1 of the Lair of Beasts
 13437 | Lair:1   | Found a labyrinth entrance.
 13448 | Lab      | Entered a labyrinth
 14250 | Lab      | Noticed a minotaur
 14257 | Lab      | Killed a minotaur
 14260 | Lab      | Got a brightly glowing lead ring
 14261 | Lab      | Got a jewelled sling
 14261 | Lab      | Got a black opal-encrusted scale mail
 14284 | Lair:1   | Identified the cursed -1,+1 sling "Jickuhac" {flame, rC+} (You found it in a labyrinth)
 14291 | Lair:1   | Identified the cursed ring "Toch" {rN+ Str-4 Int-3} (You found it in a labyrinth)
 14315 | Lair:1   | Identified the +2 scale mail of Dawn {Str+5 Dex+1 Curse} (You found it in a labyrinth)
 14741 | Lair:1   | Received a gift from Trog
 15389 | Lair:2   | Reached skill level 18 in Maces & Flails
 15403 | Lair:2   | Reached XP level 13. HP: 72/82 MP: 13/13
 15432 | Lair:2   | Reached skill level 10 in Fighting
 15568 | Lair:2   | Found a dark tunnel.
 15577 | Volcano  | Entered a volcano
 15915 | Volcano  | Found a bloodstained altar of Trog.
 16957 | Lair:3   | Found a burning altar of Makhleb.
 17386 | Lair:3   | Received a gift from Trog
 18805 | Lair:5   | Received a gift from Trog
 19258 | Lair:6   | Noticed Erica
 19267 | Lair:6   | Killed Erica
 19267 | Lair:6   | Reached skill level 19 in Maces & Flails
 19379 | Lair:6   | Gained mutation: Your wings are large and strong. [gargoyle growth]
 19379 | Lair:6   | Reached XP level 14. HP: 90/90 MP: 14/14
 19387 | Lair:6   | Found a staircase to the Snake Pit.
 19402 | Lair:6   | Found a staircase to the Slime Pits.
 19403 | Lair:6   | Found a viscous altar of Jiyva.
 19404 | Lair:6   | Noticed Nergalle
 19427 | Lair:6   | Killed Nergalle
 19555 | Lair:6   | Found a staircase to the Shoals.
 20237 | Lair:7   | Received a gift from Trog
 20799 | Lair:8   | Entered Level 8 of the Lair of Beasts
 20799 | Lair:8   | Noticed Maud
 20839 | Lair:8   | Killed Maud
 21010 | Lair:8   | Identified a scroll of acquirement
 21011 | Lair:8   | Got a pitted buckler
 21247 | Lair:8   | Identified the -4 buckler of Qiexaon {+Inv rN+} (You acquired it on level 8 of the Lair of Beasts)
 21342 | Lair:8   | Received a gift from Trog
 21368 | Lair:8   | Cast into the Abyss (a distortion unwield)
 21526 | Abyss:1  | Gained mutation: You are frail (-10% HP). [a neqoxec]
 21529 | Abyss:1  | Gained mutation: Space occasionally distorts in your vicinity. [a neqoxec]
 21537 | Abyss:1  | Found a corrupted altar of Lugonu.
 21539 | Abyss:1  | Found a corrupted altar of Lugonu.
 21852 | Lair:8   | Escaped the Abyss
 22019 | Lair:8   | Reached XP level 15. HP: 87/87 MP: 5/15
 22023 | Lair:8   | Found a burning altar of Makhleb.
 22501 | Lair:8   | Reached skill level 20 in Maces & Flails
 22516 | Lair:8   | HP: 1/89 [sun demon (12)]
 22726 | Lair:8   | Found a gateway to Hell.
 22951 | Shoals:1 | Entered Level 1 of the Shoals
 23589 | D:12     | Received a gift from Trog
 23884 | D:13     | Found a gate to the Vaults.
 24653 | D:14     | Found Alabaf Schyu's Magic Scroll Boutique.
 24656 | D:14     | Bought a scroll of blinking for 90 gold pieces
 24656 | D:14     | Bought a scroll of identify for 24 gold pieces
 24656 | D:14     | Bought a scroll of identify for 24 gold pieces
 24656 | D:14     | Bought a scroll of identify for 24 gold pieces
 24720 | D:14     | Found Goukig's Assorted Antiques.
 24775 | D:14     | Bought a small bronze amulet for 145 gold pieces
 24775 | D:14     | Bought a scroll of identify for 58 gold pieces
 24815 | D:14     | Found Utuofoug's Food Emporium.
 24838 | D:14     | Found a deep blue altar of Sif Muna.
 25268 | D:14     | Found Wahi's Food Shoppe.
 25294 | D:14     | Noticed a bone dragon
 25319 | D:14     | Killed a bone dragon
 25636 | D:15     | Entered Level 15 of the Dungeon
 25653 | D:15     | Received a gift from Trog
 25812 | D:15     | Reached XP level 16. HP: 60/95 MP: 16/16
 25916 | D:15     | Found a staircase to the Depths.
 26299 | D:15     | Reached skill level 15 in Armour
 26412 | D:15     | Received a gift from Trog
 26412 | D:15     | Reached skill level 21 in Maces & Flails
 27312 | Snake:1  | Entered Level 1 of the Snake Pit
 27353 | Snake:1  | Noticed Louise
 27376 | Snake:1  | Killed Louise
 28368 | Snake:2  | Received a gift from Trog
 29342 | Snake:3  | Noticed Nikola
 29354 | Snake:3  | Killed Nikola
 29354 | Snake:3  | Reached skill level 15 in Fighting
 29947 | Snake:4  | Received a gift from Trog
 30206 | Snake:4  | Reached skill level 22 in Maces & Flails
 30206 | Snake:4  | Reached XP level 17. HP: 91/101 MP: 17/17
 30407 | Snake:5  | Entered Level 5 of the Snake Pit
 30412 | Snake:5  | Noticed Kirke
 30556 | Snake:5  | Killed Kirke
 30645 | Snake:5  | Noticed Wiglaf
 30670 | Snake:5  | Noticed Vashnia
 30861 | Snake:5  | Killed Vashnia
 30984 | Snake:5  | Noticed Roxanne
 31089 | Snake:5  | HP: 5/101 [Roxanne/crystal spear (23)]
 31335 | Snake:5  | Killed Wiglaf
 31441 | Snake:5  | Received a gift from Trog
 31528 | Snake:5  | Killed from afar by a naga mage

Action                   |  1- 3 |  4- 6 |  7- 9 | 10-12 | 13-15 | 16-18 || total
-------------------------+-------+-------+-------+-------+-------+-------++-------
Melee: Mace              |   132 |   170 |       |       |       |       ||   302
       Whip              |       |    60 |   474 |  1162 |  1147 |       ||  2843
       Flail             |       |       |    37 |       |       |       ||    37
       Great mace        |       |       |       |       |   772 |   732 ||  1504
       Unarmed           |       |       |       |       |       |    19 ||    19
Invok: Berserk           |       |     1 |     2 |     8 |     5 |     5 ||    21
       Trog's Hand       |       |       |     1 |     1 |     1 |       ||     3
 Abil: Fly               |       |       |       |       |     1 |       ||     1
Evoke: Wand              |       |     1 |       |     9 |     3 |     3 ||    16
  Use: Scroll            |     2 |     8 |    11 |    16 |    21 |     9 ||    67
       Potion            |       |     2 |     1 |       |     2 |     5 ||    10
 Stab: Distracted        |       |       |       |       |       |     1 ||     1
